 Dungeon Crawl Stone Soup version 0.19.5 (webtiles) character file.

241 volk64 the Sneak (level 6, -8/42 HPs)
             Began as an Octopode Assassin on Mar 4, 2017.
             Mangled by Agrougrou's ghost (13 damage)
             ... on level 3 of the Dungeon.
             The game lasted 00:04:26 (1893 turns).

volk64 the Sneak (Octopode Assassin)                Turns: 1893, Time: 00:04:27

Health: -8/42      AC:  1    Str:  9 (11) XL:     6   Next: 8%
Magic:  6/6        EV: 14    Int: 10 (13) God:
Gold:   108        SH:  0    Dex: 14 (15) Spells: 0 memorised, 5 levels left

rFire  . . .     SeeInvis .     a - +2 dagger
rCold  . . .     Gourm    .     (no shield)
rNeg   . . .     Faith    .     (helmet restricted)
rPois  .         Spirit   .     (no amulet)
rElec  .         Reflect  .     (no ring)
rCorr  .         Harm     .     (no ring)
MR     .....                    (no ring)
Stlth  +++++.....               (no ring)
                                (no ring)
                                (no ring)
                                (no ring)
                                (no ring)

@: no status effects
A: almost no armour, stealthy swim, amphibious, 8 rings, constrict 8, camouflage
1, gelatinous body 1
a: no special abilities


You were on level 3 of the Dungeon.
You were not hungry.

You visited 1 branch of the dungeon, and saw 3 of its levels.

You collected 108 gold pieces.

Inventory:

Hand Weapons
 a - a +2 dagger (weapon)
 b - a +0 blowgun
Missiles
 c - 25 poisoned needles (quivered)
 d - 2 curare-tipped needles
Wands
 v - a wand of slowing (19/48)
Scrolls
 e - 3 scrolls of identify {unknown}
 g - 2 scrolls of remove curse {unknown}
 i - 3 scrolls of immolation {unknown}
 l - a scroll of amnesia {unknown}
 o - 2 scrolls of teleportation {unknown}
 p - a scroll of recharging {unknown}
 s - a scroll of blinking {unknown}
 u - a scroll of enchant armour {unknown}
Potions
 n - 2 potions of heal wounds
Comestibles
 f - 2 bread rations
 j - 3 chunks of flesh
 t - a meat ration


   Skills:
 + Level 3.1 Fighting
 + Level 3.5 Short Blades
 + Level 2.2 Throwing
 * Level 2.3 Dodging
 + Level 7.4 Stealth


You had 5 spell levels left.
You didn't know any spells.

Dungeon Overview and Level Annotations

Branches:
Dungeon (3/15)

Altars:
Qazlal

Annotations:
D:3 Agrougrou's ghost, amateur OgBe


Innate Abilities, Weirdness & Mutations

You cannot wear most types of armour.
You are very stealthy in the water. (Stealth+)
You are amphibious.
You can wear up to eight rings at the same time.
You can use your tentacles to constrict eight enemies at once.
Your skin changes colour to match your surroundings (Stealth+).
Your rubbery body absorbs attacks. (AC +1, EV +1)


Message History

You are too injured to fight recklessly!
You are too injured to fight recklessly!
You hit Agrougrou's ghost.
Agrougrou's ghost is heavily damaged.
Agrougrou's ghost hits you.
* * * LOW HITPOINT WARNING * * *
You hit Agrougrou's ghost.
Agrougrou's ghost is heavily damaged.
Your magical contamination has completely faded away.
You see here 18 bolts.
You closely miss Agrougrou's ghost.
Agrougrou's ghost is heavily damaged.
Agrougrou's ghost closely misses you.
You barely miss Agrougrou's ghost.
Agrougrou's ghost is heavily damaged.
Agrougrou's ghost closely misses you.
You barely miss Agrougrou's ghost. You squeeze Agrougrou's ghost!
Agrougrou's ghost is severely damaged.
Agrougrou's ghost hits you!
You die...

# #.
#.###########
#>..........#
###########(#
#.# #S# #W#
#@#### #....#
###.## #.#
#############.#
#.............#
#.#############
#.#
#.##############


You could see Agrougrou's ghost and an adder.

Vanquished Creatures
  Sigmund (D:2)
  4 adders (D:2)
  A worm (D:2)
  3 dart slugs
  A leopard gecko (D:2)
  6 bats
  A giant cockroach (D:2)
  10 goblins
  7 hobgoblins
  6 kobolds
  A quokka (D:3)
  A ball python (D:1)
  6 frilled lizards (D:1)
  2 rats (D:2)
50 creatures vanquished.

Notes
Turn   | Place    | Note
-------+----------+-------------------------------------------
     0 | D:1      | volk64 the Octopode Assassin began the quest for the Orb.
     0 | D:1      | Reached XP level 1. HP: 14/14 MP: 1/1
   142 | D:1      | Reached XP level 2. HP: 15/19 MP: 2/2
   387 | D:1      | Reached skill level 6 in Stealth
   424 | D:1      | Reached XP level 3. HP: 23/25 MP: 3/3
  1046 | D:2      | Reached XP level 4. HP: 30/30 MP: 4/4
  1274 | D:2      | Found a stormy altar of Qazlal.
  1356 | D:2      | Noticed Sigmund
  1370 | D:2      | Killed Sigmund
  1370 | D:2      | Reached skill level 7 in Stealth
  1370 | D:2      | Reached XP level 5. HP: 33/36 MP: 5/5
  1370 | D:2      | Reached XP level 6. HP: 38/42 MP: 6/6
  1870 | D:3      | Noticed Agrougrou's ghost (amateur OgBe)
  1893 | D:3      | Mangled by Agrougrou's ghost

Skill      XL: |  1  2  3  4 |
---------------+-------------+-----
Stealth        | 6 7 |  7.4
Fighting       | 3 |  3.1
Short Blades   | 3 |  3.5
Dodging        | 2 |  2.3
Throwing       | |  2.2

Action                   |  1- 3 |  4- 6 || total
-------------------------+-------+-------++-------
Melee: Dagger            |    73 |    39 ||   112
       Constrict         |    20 |     5 ||    25
       Tentacles         |    11 |     7 ||    18
 Fire: Blowgun           |     3 |       ||     3
  Use: Potion            |       |     5 ||     5
 Stab: Sleeping          |     8 |     6 ||    14
  Eat: Chunk             |       |     3 ||     3
Armor: Skin              |    10 |       ||    10
Dodge: Dodged            |    34 |    15 ||    49
